 Dungeon Crawl Stone Soup version 0.22.1-1-ga44c0e5 (webtiles) character file.

58 infinity the Insei (level 4, 0/41 HPs)
             Began as a Gnoll Wanderer on Oct 30, 2018.
             Slain by a goblin
             ... wielding a +0 dagger
             ... led by Robin
              (1 damage)
             ... on level 2 of the Dungeon.
             The game lasted 00:02:47 (1094 turns).

infinity the Insei (Gnoll Wanderer)                 Turns: 1094, Time: 00:02:47

Health: 0/41       AC:  3    Str: 11 (12) XL:     4   Next: 2%
Magic:  6/6        EV: 10    Int: 13 (15) God:
Gold:   36         SH:  8    Dex: 14 (17) Spells: 5/5 levels left

rFire    . . .     SeeInvis .     - Unarmed
rCold    . . .     Gourm    .   a - +0 shield
rNeg     . . .     Faith    .   d - +0 robe
rPois    .         Spirit   .   (no helmet)
rElec    .         Reflect  .   e - +0 cloak
rCorr    .         Harm     .   (no gloves)
MR       .....                  (no boots)
Stlth    ++........             (no amulet)
HPRegen  0.13/turn              (no ring)
MPRegen  0.10/turn              (no ring)

@: no status effects
A: distributed training, fangs 1, strong nose
a: no special abilities


You were on level 2 of the Dungeon.
You were hungry.

You visited 1 branch of the dungeon, and saw 2 of its levels.

You collected 36 gold pieces.

Inventory:

Armour
 a - a +0 shield (worn)
 d - a +0 robe (worn)
 e - a +0 cloak (worn)
Potions
 c - a potion of curing
Comestibles
 f - 3 rations


   Skills:
 + Level 6.5 Fighting
 + Level 1.0 Short Blades
 + Level 1.0 Long Blades
 + Level 1.0 Axes
 + Level 1.0 Maces & Flails
 + Level 1.0 Polearms
 + Level 1.0 Staves
 + Level 1.0 Slings
 + Level 1.0 Bows
 + Level 1.0 Crossbows
 + Level 1.0 Throwing
 + Level 1.0 Armour
 + Level 2.6 Dodging
 + Level 2.4 Stealth
 + Level 2.6 Shields
 + Level 6.5 Unarmed Combat
 + Level 1.0 Spellcasting
 + Level 0.7 Conjurations
 + Level 0.7 Hexes
 + Level 0.7 Charms
 + Level 0.7 Summonings
 + Level 0.7 Necromancy
 + Level 0.7 Translocations
 + Level 0.7 Transmutations
 + Level 0.7 Fire Magic
 + Level 0.7 Ice Magic
 + Level 0.7 Air Magic
 + Level 0.7 Earth Magic
 + Level 0.7 Poison Magic
 + Level 1.0 Invocations
 + Level 2.6 Evocations


You had 5 spell levels left.
You didn't know any spells.
Your spell library was empty.

Dungeon Overview and Level Annotations

Branches:
Dungeon (2/15)

Altars:

Annotations:
D:2 Robin


Innate Abilities, Weirdness & Mutations

Your experience applies equally to all skills.
You have very sharp teeth.
Your uncanny sense of smell can sniff out nearby items.


Message History

You block the goblin's attack. The goblin hits you.
* * * LOW HITPOINT WARNING * * *
You block the hobgoblin's attack.
Your shield prevents you from hitting the goblin.
Your bite misses the goblin. You block the goblin's attack.
The goblin barely misses you. The goblin hits you with a dagger.
* * * LOW HITPOINT WARNING * * *
The goblin closely misses you. You block the goblin's attack.
The hobgoblin hits you but does no damage.
You hit the goblin but do no damage. You block the goblin's attack.
The hobgoblin hits you but does no damage.
The goblin hits you but does no damage. The goblin hits you with a club.
* * * LOW HITPOINT WARNING * * *
The goblin closely misses you. x2
You hit the goblin. You bite the goblin, but do no damage.
The goblin is heavily wounded.
You block the hobgoblin's attack. The goblin barely misses you.
The goblin hits you but does no damage. You block the hobgoblin's attack.
The goblin barely misses you. The goblin hits you with a dagger.
You die...

..........# ∆ ∆
..........# ..........#
.... ..........# ∆
...### #........##
∆∆##..... #.........
###....#### #..$.ggg#
..........
#...gggg######.........
#...gg@g##...#.........
......gg......#.........
..............#.....###
...............#####....
...............# ###....
...............##.......
..................####..
........................
..........##..........


You could see Robin, 4 hobgoblins and 7 goblins.

Vanquished Creatures
  2 adders (D:2)
  2 worms (D:2)
  3 dart slugs (D:1)
  2 leopard geckos (D:1)
  2 giant cockroaches (D:2)
  3 goblins (D:2)
  A hobgoblin (D:1)
  4 kobolds (D:1)
  4 bats
  A frilled lizard (D:1)
  5 rats
29 creatures vanquished.

Notes
Turn   | Place    | Note
-------+----------+-------------------------------------------
     0 | D:1      | infinity the Gnoll Wanderer began the quest for the Orb.
     0 | D:1      | infinity set off with: a +0 shield, a +0 short sword, a
                  | potion of curing, a +0 robe, a ration
     0 | D:1      | Reached XP level 1. HP: 23/23 MP: 2/2
    64 | D:1      | Reached XP level 2. HP: 25/29 MP: 3/3
   676 | D:2      | Reached XP level 3. HP: 33/35 MP: 4/4
   797 | D:2      | Reached skill level 1 in Invocations
  1050 | D:2      | Reached skill level 1 in Short Blades
  1050 | D:2      | Reached skill level 1 in Long Blades
  1050 | D:2      | Reached skill level 1 in Axes
  1050 | D:2      | Reached skill level 1 in Maces & Flails
  1050 | D:2      | Reached skill level 1 in Polearms
  1050 | D:2      | Reached skill level 1 in Staves
  1050 | D:2      | Reached skill level 1 in Slings
  1050 | D:2      | Reached skill level 1 in Bows
  1050 | D:2      | Reached skill level 1 in Crossbows
  1050 | D:2      | Reached skill level 1 in Throwing
  1050 | D:2      | Reached skill level 1 in Armour
  1050 | D:2      | Reached skill level 1 in Spellcasting
  1080 | D:2      | Noticed Robin
  1082 | D:2      | Reached XP level 4. HP: 41/41 MP: 6/6
  1093 | D:2      | HP: 1/41 [goblin/club[Robin] (3)]
  1094 | D:2      | Slain by a goblin

Skill      XL: |  1  2  3 |
---------------+----------+-----
Invocations    | 1 |  1.0
Short Blades   | 1 |  1.0
Long Blades    | 1 |  1.0
Axes           | 1 |  1.0
Maces & Flails | 1 |  1.0
Polearms       | 1 |  1.0
Staves         | 1 |  1.0
Slings         | 1 |  1.0
Bows           | 1 |  1.0
Crossbows      | 1 |  1.0
Throwing       | 1 |  1.0
Armour         | 1 |  1.0
Spellcasting   | 1 |  1.0
Fighting       | |  6.5
Dodging        | |  2.6
Stealth        | |  2.4
Shields        | |  2.6
Unarmed Combat | |  6.5
Conjurations   | |  0.7
Hexes          | |  0.7
Charms         | |  0.7
Summonings     | |  0.7
Necromancy     | |  0.7
Translocations | |  0.7
Transmutations | |  0.7
Fire Magic     | |  0.7
Ice Magic      | |  0.7
Air Magic      | |  0.7
Earth Magic    | |  0.7
Poison Magic   | |  0.7
Evocations     | |  2.6

Action                   |  1- 3 |  4- 6 || total
-------------------------+-------+-------++-------
Melee: Unarmed           |    84 |    10 ||    94
       Bite              |    13 |     1 ||    14
  Use: Potion            |     1 |     1 ||     2
 Stab: Sleeping          |     6 |       ||     6
Armor: Robe              |    10 |     9 ||    19
Dodge: Dodged            |    36 |    18 ||    54
Block: Shield            |    28 |    16 ||    44
